 Dungeon Crawl Stone Soup version 0.29.1-2-gbd0b4ee654 (webtiles) character file.

Game seed: 16723362522824691949

13 qeuew the Shooter (level 2, 0/14 HPs)
             Began as a Spriggan Hunter on Nov 5, 2022.
             Slain by a jackal (2 damage)
             ... on level 1 of the Dungeon.
             The game lasted 00:01:36 (230 turns).

qeuew the Shooter (Spriggan Hunter)                  Turns: 230, Time: 00:01:37

Health: 0/14       AC:  2    Str:  7    XL:     2   Next: 24%
Magic:  3/3        EV: 18    Int: 10    God:
Gold:   89         SH:  0    Dex: 18    Spells: 1/1 levels left

rFire   . . .      SeeInvis +   e - +1 dagger (drain)
rCold   . . .      Faith    .   (no shield)
rNeg    . . .      Spirit   .   c - +0 robe
rPois   .          Reflect  .   (helmet restricted)
rElec   .          Harm     .   (no cloak)
rCorr   .          Rampage  .   (gloves unavailable)
Will    .....                   (boots unavailable)
Stlth   ++........              (no amulet)
HPRegen 0.04/turn               (no ring)
MPRegen 0.08/turn               (no ring)

@: very quick
A: very small, no large weapons, unfitting armour, see invisible, speed 3
a: no special abilities


You were on level 1 of the Dungeon.
You visited 1 branch of the dungeon, and saw 1 of its levels.

You collected 89 gold pieces.

Inventory:

Hand Weapons
 a - a +0 shortbow
 e - a +1 dagger of draining (weapon)
Armour
 c - a +0 robe (worn)


   Skills:
 - Level 1.5 Fighting
 * Level 0.4 Short Blades
 + Level 4.3 Ranged Weapons
 * Level 2.9 Dodging
 * Level 2.0 Stealth


You had one spell level left.
You didn't know any spells.
Your spell library was empty.

Dungeon Overview and Level Annotations

Branches:
Dungeon (1/15)

Altars:


Innate Abilities, Weirdness & Mutations

You are very small and have problems with some larger weapons.
You are too small for most types of armour.
You have supernaturally acute eyesight. (SInv)
You cover ground extremely quickly. (Speed+++)


Message History

The jackal bites you.
You shoot an arrow. The arrow hits the jackal.
You kill the jackal!
The jackal bites you. x2; The jackal misses you.
You are too injured to fight recklessly!
You are too injured to fight recklessly!
You are too injured to fight recklessly!
You are too injured to fight recklessly!
You are too injured to fight recklessly!
You are too injured to fight recklessly!
You sense an unholy aura.
e - a +1 dagger of draining (weapon)
The jackal misses you.
You hit the jackal but do no damage. You drain the jackal.
The jackal is severely wounded.
The jackal closely misses you. x2
You hit the jackal.
You kill the jackal!
Your Stealth skill increases to level 2!
You completely miss the jackal. The jackal barely misses you.
The jackal bites you.
You closely miss the jackal. The jackal barely misses you.
You hit the jackal but do no damage. The jackal misses you.
You hit the jackal.
The jackal is lightly wounded.
The jackal closely misses you. The jackal misses you.
You closely miss the jackal.
The jackal is lightly wounded.
The jackal completely misses you.
You closely miss the jackal.
The jackal is lightly wounded.
The jackal misses you.
You closely miss the jackal.
The jackal is lightly wounded.
The jackal closely misses you. The jackal bites you.
* * * LOW HITPOINT WARNING * * *
You hit the jackal. Your punch misses the jackal.
The jackal is heavily wounded.
The jackal bites you.
You die...

####### #.....#
#.###@# #.# #h# #.#
#r†.r...> ### #.#
######### #.. .. #.##
#.# #. #..#
########.## #. ##.#
#.....)#.#. ..
##.######......#.##.#.
#...............[##.#.


You could see a jackal and a rat.

Vanquished Creatures
  A bat (D:1)
  An endoplasm (D:1)
  2 hobgoblins (D:1)
  3 jackals (D:1)
  4 kobolds (D:1)
  A rat (D:1)
12 creatures vanquished.

Notes
Turn   | Place    | Note
-------+----------+-------------------------------------------
     0 | D:1      | qeuew the Spriggan Hunter began the quest for the Orb.
     0 | D:1      | Reached XP level 1. HP: 10/10 MP: 2/2
   151 | D:1      | Reached XP level 2. HP: 14/14 MP: 3/3
   230 | D:1      | Slain by a jackal

Illustrated notes

Levels and vault maps discovered:
D:1:      roderic_chinese_lattice_arrival, layout_loops_cross,
          hellmonk_ecumenical_altar_pennies_from_heaven

Skill      XL: |  1  2 |
---------------+-------+-----
Stealth        | 2 |  2.0
Fighting       | |  1.5
Short Blades   | |  0.4
Ranged Weapons | |  4.3
Dodging        | |  2.9

Action                   || total
-------------------------++-------
Melee: Dagger            ||    10
 Fire: Shortbow          ||    25
Armor: Robe              ||     1
Dodge: Dodged            ||    21
